 Dungeon Crawl Stone Soup version 0.17-a0-1596-g1e86911 (webtiles) character file.

195 karlkraus the Shield-Bearer (level 5, -5/47 HPs)
             Began as a Minotaur Fighter on July 31, 2015.
             Slain by Menkaure (13 damage)
             ... on level 4 of the Dungeon.
             The game lasted 00:04:31 (1785 turns).

karlkraus the Shield-Bearer (Minotaur Fighter)      Turns: 1785, Time: 00:04:31

Health: -5/47      AC:  8    Str: 21    XL:     5   Next: 45%
Magic:  4/4        EV:  8    Int:  5    God:
Gold:   180        SH: 11    Dex: 10    Spells: 0 memorised, 4 levels left

rFire  . . .     SeeInvis .     a - +0 flail
rCold  . . .     Clarity  .     b - +0 scale mail
rNeg   . . .     SustAt   .     c - +1 shield
rPois  .         Gourm    .     (helmet restricted)
rElec  .         Spirit   .     (no cloak)
rCorr  .         Warding  .     r - +0 pair of gloves
rMut   .         Stasis   .     (no boots)
MR     .....                    (no amulet)
Stlth  ..........               (no ring)
                                (no ring)

@: not resistant to hostile enchantments, extremely unstealthy
A: retaliatory headbutt, horns 2
a: no special abilities


You were on level 4 of the Dungeon.
You were very hungry.

You visited 1 branch of the dungeon, and saw 4 of its levels.

You collected 180 gold pieces.

Inventory:

Hand weapons
 a - a +0 flail (weapon)
Armour
 b - a +0 scale mail (worn)
 c - a +1 shield (worn)
 r - a +0 pair of gloves (worn)
Magical devices
 l - a wand of fireball (2)
Scrolls
 f - 2 scrolls of enchant armour
 h - 4 scrolls of remove curse {unknown}
 i - a scroll of blinking {unknown}
 k - 2 scrolls of fog {unknown}
 m - a scroll of magic mapping {unknown}
 n - 2 scrolls of enchant weapon {unknown}
 p - a scroll of noise {unknown}
 t - a scroll of teleportation {unknown}
Potions
 d - a potion of might
 j - a potion of beneficial mutation {unknown}
 o - 3 potions of curing {unknown}
 q - a potion of ambrosia {unknown}
Comestibles
 e - 3 bread rations
 g - a beef jerky


   Skills:
 + Level 4.4 Fighting
 + Level 3.7 Maces & Flails
 + Level 4.6 Armour
 + Level 1.4 Dodging
 + Level 0.6 Stealth
 + Level 5.1 Shields


You had 4 spell levels left.
You didn't know any spells.

Dungeon Overview and Level Annotations

Branches:
Dungeon (4/15)
 Temple: D:4-7

Altars:
Cheibriados
Fedhas
Kikubaaqudgha
Makhleb
Trog
Xom

Annotations:
D:4 Menkaure


Innate Abilities, Weirdness & Mutations

You reflexively headbutt those who attack you in melee.
You have a pair of horns on your head.


Message History

Menkaure calls on the powers of darkness!
Your body is wracked with pain!
Menkaure calls on the powers of darkness!
Your body is wracked with pain!
* * * LOW HITPOINT WARNING * * *
You are too injured to fight recklessly!
You are too injured to fight recklessly!
You see here a marble ring.
Menkaure calls on the powers of darkness!
Your body is wracked with pain!
* * * LOW HITPOINT WARNING * * *
Menkaure gestures wildly while chanting.
Menkaure seems to speed up.
Found a scroll labeled NYSEDO BUISTREE.
You see here a marble ring.
Menkaure calls on the powers of darkness!
Your body is wracked with pain!
* * * LOW HITPOINT WARNING * * *
Menkaure hits you!
You die...

### ##### #?. ...#
#.#####.########
#######.##....@......#
...........##M######.#
####..#.#####.#
####.#### ....
#.#####.# #.......##
#.## #......=#
#........# . #########
#..#.##..# #..#.<#..#
#..##.#..# #........#


You could see Menkaure.

Vanquished Creatures
  A giant frog (D:3)
  An orc priest (D:3)
  An orc wizard (D:3)
  An adder (D:2)
  A worm (D:2)
  2 giant geckos
  3 orcs (D:3)
  A giant cockroach (D:1)
  5 goblins
  6 hobgoblins
  7 jackals
  11 kobolds
  A ball python (D:3)
  5 bats
  7 giant newts
  7 rats
  A bush (D:3)
61 creatures vanquished.

Vanquished Creatures (others)
  A goblin (D:2)
1 creature vanquished.

Grand Total: 62 creatures vanquished

Notes
Turn   | Place    | Note
--------------------------------------------------------------
     0 | D:1      | karlkraus the Minotaur Fighter began the quest for the Orb.
     0 | D:1      | Reached XP level 1. HP: 19/19 MP: 0/0
   141 | D:1      | Reached XP level 2. HP: 23/26 MP: 1/1
   144 | D:1      | Reached skill level 4 in Shields
   656 | D:2      | Found a bloodstained altar of Trog.
   666 | D:2      | Reached XP level 3. HP: 33/33 MP: 2/2
  1345 | D:3      | Reached XP level 4. HP: 38/40 MP: 3/3
  1352 | D:3      | Reached skill level 1 in Dodging
  1428 | D:3      | Noticed a giant frog
  1435 | D:3      | Killed a giant frog
  1435 | D:3      | Reached skill level 5 in Shields
  1435 | D:3      | Reached XP level 5. HP: 36/47 MP: 4/4
  1468 | D:3      | Found an ancient bone altar of Kikubaaqudgha.
  1468 | D:3      | Found a burning altar of Makhleb.
  1470 | D:3      | Found a blossoming altar of Fedhas.
  1472 | D:3      | Found a shimmering altar of Xom.
  1473 | D:3      | Found a snail-covered altar of Cheibriados.
  1758 | D:4      | Noticed Menkaure
  1785 | D:4      | Slain by Menkaure

Vault maps used:
D:1:      minmay_arrival_nine_rooms
D:2:      serial_glass, glass_columns_c, glass_columns_c, trog_hazing_becter
D:3:      minitemple, first_bread, minmay_hedge_maze
D:4:      serial_shops, nicolae_shop_stone, lightli_minifort, uniq_grinder,
          uniq_menkaure

Action                   |  1- 3 |  4- 6 || total
-------------------------+-------+-------++-------
Melee: Flail             |   104 |    92 ||   196
  Use: Scroll            |     1 |       ||     1
  Eat: Chunk             |     1 |     1 ||     2
